 Dungeon Sprint DCSS version 0.24.0-13-gcf9b319 (webtiles) character file.

Game seed: 9086764519129086299, levelgen mode: deterministic

814 Fang the Fighter (level 7, -4/76 HPs)
             Began as a Gargoyle Berserker on Dec 9, 2019.
             Was a Believer of Trog.
             Shot with an arrow by a deep elf archer (20 damage)
             ... in the Dungeon (Sprint V: "Ziggurat Sprint").
             The game lasted 00:00:42 (116 turns).

Fang the Fighter (Gargoyle Berserker)                Turns: 116, Time: 00:00:42

Health: -4/76      AC: 33    Str: 40    XL:     7   Next: 93%
Magic:  7/7        EV:  5    Int:  7    God:    Trog [**....]
Gold:   0          SH: 31    Dex:  9    Spells: 6/6 levels left

rFire    . . .     SeeInvis .   a - +5 broad axe
rCold    . . .     Gourm    .   E - +18 shield of the Gong {rElec rN+ MR+ EV-5}
rNeg     + + .     Faith    .   b - +15 Maxwell's patent armour {-Cast -Tele rElec MR+ rCorr}
rPois    ∞         Spirit   .   (no helmet)
rElec    +         Reflect  .   (no cloak)
rCorr    +         Harm     .   (no gloves)
MR       ++++.     NoTele   +   (no boots) Stlth ..........NoCast +
                                (no amulet)
HPRegen  1.22/turn              D - +6 ring of strength
MPRegen  0.10/turn              C - +6 ring of strength

@: berserking (expiring), regenerating, very quick
A: negative energy resistance 1, electricity resistance, unbreathing,
petrification resistance, rot immunity, AC +4
a: Berserk, Trog's Hand, Renounce Religion


You were in the Dungeon.
You worshipped Trog.
Trog was pleased with you.
You were not hungry.

You visited 1 branch

Inventory:

Hand Weapons
 a - a +5 broad axe (weapon)
Armour
 b - the +15 Maxwell's patent armour (worn) {-Cast -Tele rElec MR+ rCorr}
   (You found it in the Dungeon)

   It insulates you from electricity.
   It affects your resistance to hostile enchantments.
   It prevents spellcasting.
   It prevents most forms of teleportation.
   It provides partial protection from all sources of acid and corrosion.
 E - the +18 shield of the Gong (worn) {rElec rN+ MR+ EV-5}
   (You found it in the Dungeon)

   It affects your evasion (-5).
   It insulates you from electricity.
   It protects you from negative energy.
   It affects your resistance to hostile enchantments.
Jewellery
 C - a +6 ring of strength (right hand)
 D - a +6 ring of strength (left hand)
Wands
 u - a wand of disintegration (7)
 v - a wand of iceblast (7)
 w - a wand of acid (7)
Scrolls
 i - 4 scrolls of blinking
 j - 7 scrolls of fog
 k - a scroll of holy word
 l - 5 scrolls of identify
 m - 5 scrolls of remove curse
 n - 2 scrolls of fear
Potions
 d - 10 potions of curing
 e - 10 potions of heal wounds
 f - 6 potions of haste
 h - 3 potions of berserk rage
 p - 2 potions of invisibility
 q - 4 potions of resistance
 r - a potion of experience
 s - 5 potions of agility
 t - 5 potions of might
Comestibles
 c - 7 rations


   Skills:
 + Level 9.0 Fighting
 + Level 7.4 Axes
 + Level 8.6 Armour
 + Level 6.5 Dodging
 + Level 8.2 Shields


You had 6 spell levels left.
You didn't know any spells.
Your spell library was empty.

Dungeon Overview and Level Annotations

Branches:
Dungeon (1/1)

Altars:
Ashenzari
Cheibriados
Dithmenos
Elyvilon
Fedhas
Gozag
Hepliaklqana
Kikubaaqudgha
Makhleb
Nemelex Xobeh
Okawaru
Qazlal
Ru
Sif Muna
Trog
Uskayaw
Vehumet
Wu Jian
Xom
Yredelemnul
Zin
The Shining One
Beogh
Jiyva
Lugonu

Annotations:
D 1 transporter


Innate Abilities, Weirdness & Mutations

You are resistant to torment.
Your stone body is resilient. (AC +4)
You are immune to poison.
You resist negative energy. (rN+)
You are resistant to electric shocks. (rElec)
You can survive without breathing.
You are immune to petrification.
You are immune to rotting.


Message History

The deep elf archer unwields a +0 longbow.
The deep elf archer wields a +0 dagger.
You block the deep elf archer's attack.
BOUMMMMG!
You closely miss the deep elf archer.
The deep elf archer is moderately wounded.
You slash the deep elf mage!
You kill the deep elf mage!
Trog accepts your kill.
Trog appreciates your killing of a magic user.
The battlesphere dissipates.
Your Fighting skill gained 2 levels and is now at level 9!
Your Axes skill increases to level 7!
Your Armour skill increases to level 8!
Your Dodging skill increases to level 6!
Your Shields skill gained 2 levels and is now at level 8!
You have reached level 7!
The deep elf archer blinks!
The deep elf archer unwields a +0 dagger.
The deep elf archer wields a +0 longbow.
The deep elf archer shoots an arrow.
The arrow hits you!!
You die...

▓▓▓▓▓▓▓▓▓▓▓▓▓
▓.8©8.▓.8©8.▓
▓..)|.▓.†...▓
▓.....▓.|.).▓
▓.☼..@▓.....▓
▓..(..▓.....▓
▓..()(▓..©..▓
▓..©e(▓▓▓▓▓▓▓
▓▓▓▓▓▓▓


You could see a deep elf archer.

Vanquished Creatures
  A deep elf mage (D)
  A jumping spider (D)
  A water elemental (D)
  A scorpion (D)
4 creatures vanquished.

Vanquished Creatures (others)
  A spatial maelstrom (D)
1 creature vanquished.

Grand Total: 5 creatures vanquished

Notes
Turn   | Place    | Note
-------+----------+-------------------------------------------
     0 | D        | Fang the Gargoyle Berserker began the quest for the Orb.
     0 | D        | Reached XP level 1. HP: 14/14 MP: 1/1
     0 | D        | Banished a spatial maelstrom
     1 | D        | Found a blossoming altar of Fedhas.
     2 | D        | Found the +6 Majin-Bo {vamp, Archmagi MP+6 Int+6}
     2 | D        | Found the +7 great mace "Firestarter" {inner flame, rF++}
     3 | D        | Found a viscous altar of Jiyva.
     3 | D        | Found a hazy altar of Hepliaklqana.
     3 | D        | Found a transporter.
     3 | D        | Found an opulent altar of Gozag.
     3 | D        | Found an ancient bone altar of Kikubaaqudgha.
     3 | D        | Found a corrupted altar of Lugonu.
    16 | D        | Found a burning altar of Makhleb.
    18 | D        | Found an iron altar of Okawaru.
    18 | D        | Found a stormy altar of Qazlal.
    18 | D        | Found a sparkling altar of Nemelex Xobeh.
    18 | D        | Found a sacrificial altar of Ru.
    18 | D        | Found a shimmering blue altar of Sif Muna.
    24 | D        | Found the +9 heavy crossbow "Sniper" {velocity, Acc+∞ SInv}
    24 | D        | Found the +10 dark maul {crush}
    24 | D        | Found the +15 Maxwell's patent armour {-Cast -Tele rElec
                  | MR+ rCorr}
    24 | D        | Found the +18 shield of the Gong {rElec rN+ MR+ EV-5}
    24 | D        | Found the cursed +14 obsidian axe {chop, +Fly SInv *Curse}
    30 | D        | Found a bloodstained altar of Trog.
    77 | D        | Entered arena 2.
    77 | D        | Noticed a scorpion
    77 | D        | Noticed a jumping spider
    77 | D        | Found a transporter.
    83 | D        | Killed a scorpion
    83 | D        | Reached skill level 4 in Fighting
    83 | D        | Reached XP level 2. HP: 20/20 MP: 2/2
    83 | D        | Reached XP level 3. HP: 24/24 MP: 3/3
    96 | D        | Killed a jumping spider
    96 | D        | Reached skill level 6 in Fighting
    96 | D        | Reached skill level 5 in Axes
    96 | D        | Reached skill level 5 in Shields
    96 | D        | Reached XP level 4. HP: 32/32 MP: 4/4
    96 | D        | Reached XP level 5. HP: 37/37 MP: 5/5
    96 | D        | Reached XP level 6. HP: 42/42 MP: 6/6
   100 | D        | Entered arena 3.
   100 | D        | Noticed a deep elf archer
   100 | D        | Noticed a deep elf mage
   100 | D        | Noticed a water elemental
   100 | D        | Found a transporter.
   101 | D        | Identified the cursed +0 war axe "Fozxao" {chop, rF+}
   108 | D        | Killed a water elemental
   108 | D        | Reached ** piety under Trog
   108 | D        | Reached skill level 7 in Fighting
   108 | D        | Reached skill level 5 in Dodging
   115 | D        | Killed a deep elf mage
   115 | D        | Reached skill level 9 in Fighting
   115 | D        | Reached XP level 7. HP: 14/51 MP: 7/7
   116 | D        | Shot with an arrow by a deep elf archer

Levels and vault maps discovered:
D:        sprint_v [room_start, room_1, room_2, room_3, room_4, room_5, room_6,
          room_7, room_8, room_9, room_10, room_11, room_12, room_13, room_14,
          room_15, room_16, room_17, room_18, room_19, room_20, room_21,
          room_22, room_23, room_24, room_25, room_26, room_27]

Skill      XL: |  1  2  3  4  5  6 |
---------------+-------------------+-----
Fighting       | 4 6 9 |  9.0
Axes           | 3 5 7 |  7.4
Armour         | 4 6 8 |  8.6
Dodging        | 2 4 6 |  6.5
Shields        | 3 5 8 |  8.2

Action                   |  1- 3 |  4- 6 |  7- 9 || total
-------------------------+-------+-------+-------++-------
Melee: Broad axe         |    14 |     9 |       ||    23
Invok: Berserk           |       |     1 |       ||     1
       Trog's Hand       |       |     1 |       ||     1
Armor: Plate armour      |    19 |     5 |       ||    24
Dodge: Dodged            |     1 |       |       ||     1
Block: Shield            |    32 |    16 |       ||    48
